 Dungeon Crawl Stone Soup version 0.18.1-48-g4cf74bf (webtiles) character file.

86 Melfield the Insei (level 4, -2/35 HPs)
             Began as a Vampire Monk on Aug 12, 2016.
             Slain by a worker ant zombie (4 damage)
             ... on level 5 of the Dungeon.
             The game lasted 00:04:38 (2348 turns).

Melfield the Insei (Vampire Monk)                   Turns: 2348, Time: 00:04:38

Health: -2/35      AC:  8    Str: 15    XL:     4   Next: 27%
Magic:  4/4        EV: 14    Int: 12    God:
Gold:   111        SH:  0    Dex: 16    Spells: 0 memorised, 3 levels left

rFire  . . .     SeeInvis +       - Unarmed
rCold  + . .     Gourm    .     a - +0 robe
rNeg   + + +     Faith    .     (no shield)
rPois  +         Spirit   .     g - +0 helmet
rElec  .         Dismiss  .     (no cloak)
rCorr  .         Reflect  .     (no gloves)
SustAt .         Harm     .     (no boots)
MR     .....                    (no amulet)
Stlth  +++.......               (no ring)
                                f - ring of positive energy

@: mighty, lethally poisoned (-2 -> -8), regenerating slowly, not resistant to
hostile enchantments, fairly stealthy
A: fangs 3, rough black scales 1, see invisible, shaggy fur 1, unbreathing
a: Bat Form


You were on level 5 of the Dungeon.
You were very thirsty.

You visited 1 branch of the dungeon, and saw 5 of its levels.

You collected 111 gold pieces.

Inventory:

Armour
 a - a +0 robe (worn)
 g - a +0 helmet (worn)
Jewellery
 f - a ring of positive energy (left hand)
Scrolls
 e - a scroll of enchant armour {unknown}
 h - a scroll of identify {unknown}
 j - a scroll of teleportation {unknown}
 k - a scroll of random uselessness {unknown}
 m - a scroll of remove curse {unknown}
Potions
 b - a potion of blood
 c - a potion of berserk rage {unknown}
 d - a potion of might
 i - a potion of cancellation {unknown}
 n - a potion of degeneration {unknown}


   Skills:
 + Level 3.1 Fighting
 + Level 4.0 Dodging
 + Level 4.2 Stealth
 + Level 5.2 Unarmed Combat


You had 3 spell levels left.
You didn't know any spells.

Dungeon Overview and Level Annotations

Branches:
Dungeon (5/15)
 Temple: D:4-7

Altars:
Kikubaaqudgha

Annotations:
D:2 Jessica
D:4 Blork the orc


Innate Abilities, Weirdness & Mutations

You heal slowly.
You have razor-sharp teeth.
You have supernaturally acute eyesight.
You can survive without breathing.
You are partially covered in rough black scales (AC +4, Dex -1).
You are covered in fur (AC +1).


Message History

* * * LOW HITPOINT WARNING * * *
You are lethally poisoned!
The worker ant poisons you!
Drink which item? (? for menu, Esc to quit)
Okay, then.
You don't know any spells.
It was a potion of might.
You feel very mighty all of a sudden.
* * * LOW HITPOINT WARNING * * *
You feel sick.
The worker ant bites you but does no damage.
You punch the worker ant!
You kill the worker ant!
Your Dodging skill increases to level 4!
You have reached level 4!
* * * LOW HITPOINT WARNING * * *
You feel sick.
You hit the worker ant zombie. The worker ant zombie misses you.
You punch the worker ant zombie! The worker ant zombie bites you.
You die...

#.# #.## #.#
.....
#.###########..#
#.............#
##########.#.##
#..## #.#.#
#.##.# #@# #.#
#Z####.##
#######........
#........######
#........#
#........#
#......<.#
#........#
#......>.#


You could see a worker ant zombie.

Vanquished Creatures
  A centaur skeleton (D:5)
  A worker ant (D:5)
  An ooze (D:2)
  A worm (D:2)
  A dart slug (D:1)
  3 bats (D:1)
  A giant cockroach (D:1)
  3 goblins (D:1)
  A hobgoblin (D:1)
  2 jackals (D:1)
  3 kobolds
  3 giant newts (D:1)
  5 rats (D:1)
26 creatures vanquished.

Notes
Turn   | Place    | Note
--------------------------------------------------------------
     0 | D:1      | Melfield the Vampire Monk began the quest for the Orb.
     0 | D:1      | Reached XP level 1. HP: 17/17 MP: 1/1
   223 | D:1      | Reached XP level 2. HP: 23/23 MP: 2/2
  1042 | D:2      | Reached XP level 3. HP: 28/28 MP: 3/3
  1044 | D:2      | Reached skill level 5 in Unarmed Combat
  1058 | D:2      | Noticed Jessica
  1294 | D:2      | You are sucked into a shaft for 2 floors!
  1646 | D:4      | Noticed Blork the orc
  1646 | D:4      | Noticed a giant frog
  1654 | D:3      | Found an ancient bone altar of Kikubaaqudgha.
  1784 | D:4      | HP: 1/28 [Blork the orc/magic dart (6)]
  1809 | D:5      | Entered Level 5 of the Dungeon
  2344 | D:5      | Gained mutation: You are covered in fur (AC +1). [potion of mutation]
  2344 | D:5      | Gained mutation: You are partially covered in rough black scales (AC +4, Dex -1). [potion of mutation]
  2346 | D:5      | Reached XP level 4. HP: 3/35 MP: 4/4
  2348 | D:5      | Slain by a worker ant zombie

Skill      XL: |  1  2  3 |
---------------+----------+-----
Unarmed Combat | 5 |  5.2
Fighting       | 3 |  3.1
Stealth        | 4 |  4.2
Dodging        | 4 |  4.0

Action                   |  1- 3 |  4- 6 || total
-------------------------+-------+-------++-------
Melee: Unarmed           |   117 |     2 ||   119
       Bite              |    14 |       ||    14
       Punch             |     2 |       ||     2
 Abil: End Transformatio |     3 |       ||     3
       Bat Form          |     3 |       ||     3
  Use: Scroll            |     1 |       ||     1
       Potion            |     2 |       ||     2
 Stab: Sleeping          |     5 |       ||     5
  Eat: Corpse            |     1 |       ||     1
Armor: Robe              |    13 |       ||    13
Dodge: Dodged            |    77 |     1 ||    78
